 Dungeon Crawl Stone Soup version 0.31.0-32-g396128a36d (webtiles) character file.

Game seed: 8950040504058744428

128 KKCryptic the Trooper (level 5, 0/54 HPs)
             Began as an Oni Gladiator on Mar 22, 2024.
             Slain by a kobold brigand
             ... wielding a +2 dagger of speed
              (1 damage)
             ... on level 3 of the Dungeon on Mar 25, 2024.
             The game lasted 00:07:07 (2356 turns).

KKCryptic the Trooper (Oni Gladiator)               Turns: 2356, Time: 00:07:07

Health: 0/54       AC:  4    Str: 20    XL:     5   Next: 11%
Magic:  8/8        EV: 10    Int: 15    God:
Gold:   177        SH:  0    Dex: 10    Spells: 8/8 levels left

rFire   . . .        a - +0 flail
rCold   . . .        (no shield)
rNeg    . . .        s - +1 robe {Will+}
rPois   .            c - +0 hat
rElec   .            (no cloak)
rCorr   .            (gloves unavailable)
SInv    .            (boots unavailable)
Will    +....        e - amulet of the acrobat
Stlth   +            u - +6 ring of intelligence
HPRegen 0.29/turn    (no ring)
MPRegen 0.11/turn

%: acrobat
@: mighty
A: large, unfitting armour, horns 1, tough skin 1, double potion healing,
drunken brawling
a: no special abilities


You were on level 3 of the Dungeon.
You visited 1 branch of the dungeon, and saw 3 of its levels.

You collected 177 gold pieces.

Inventory:

Hand Weapons
 a - a +0 flail (weapon)
Missiles
 d - 3 throwing nets
 h - 6 boomerangs (quivered)
Armour
 b - a +0 robe
 c - a +0 hat (worn)
 s - a +1 robe of willpower (worn)
Jewellery
 e - an amulet of the acrobat (around neck)
 p - an amulet of magic regeneration
 u - a +6 ring of intelligence (left hand)
Scrolls
 g - 2 scrolls of teleportation
 j - 3 scrolls of noise {unknown}
 n - a scroll of blinking {unknown}
 o - a scroll of fog {unknown}
 r - a scroll of vulnerability {unknown}
 t - a scroll of immolation {unknown}
 v - a scroll of summoning {unknown}
Potions
 i - a potion of resistance
 k - 3 potions of curing
 l - 2 potions of heal wounds
 m - 2 potions of enlightenment
 q - a potion of cancellation {unknown}


   Skills:
 + Level 3.8 Fighting
 + Level 3.6 Maces & Flails
 + Level 2.9 Throwing
 - Level 3.0 Dodging
 + Level 2.1 Spellcasting
 + Level 0.6 Translocations


You had 8 spell levels left.
You didn't know any spells.
Your spell library contained the following spells:

 Spells                   Type           Power      Damage    Failure   Level
 Sandblast                Erth           2%         2d4       22%         1
 Gell's Gravitas          Tloc           3%         N/A       45%         3
 Teleport Other           Tloc           3%         N/A       45%         3
 Passwall                 Erth           1%         N/A       54%         3
 Stone Arrow              Conj/Erth      2%         3d7       54%         3
 Vhi's Electric Charge    Tloc/Air       4%         N/A       88%         4
 Brom's Barrelling Bould  Conj/Erth      1%         2d3       91%         4
 Arcjolt                  Conj/Air       0%         1d10      99%         5
 Dispersal                Tloc           1%         N/A       100%        6
 Plasma Beam              Fire/Air       0%         2x1d10    100%        6


Dungeon Overview and Level Annotations

Branches:
Dungeon (3/15)

Altars:

Shops:
D:1 [


Innate Abilities, Weirdness & Mutations

You are too large for most types of armour.
You have a pair of small horns on your head.
You have tough skin. (AC +1)
You gain doubled healing and magic from potions.
Whenever you drink a healing potion, you attack all around you.


Message History

The kobold brigand misses you.
Throw: 6 boomerangs
Press: ? - help, Q - select action, (/) - cycle Shift-Dir - straight line, p - kobold brigand
Okay, then.
You closely miss the hobgoblin. The hobgoblin barely misses you.
The kobold brigand hits you with a +2 dagger of speed!
The hobgoblin barely misses you.
You feel very mighty all of a sudden.
The kobold brigand hits you but does no damage.
The kobold brigand hits you with a +2 dagger of speed.
The hobgoblin closely misses you.
You barely miss the kobold brigand. You headbutt the kobold brigand!
The kobold brigand is severely wounded.
The hobgoblin hits you but does no damage.
You barely miss the kobold brigand.
The kobold brigand is severely wounded.
The kobold brigand hits you with a +2 dagger of speed.
The kobold barely misses you. The hobgoblin misses you.
The kobold brigand hits you with a +2 dagger of speed.
* * * LOW HITPOINT WARNING * * *
You closely miss the kobold brigand.
The kobold brigand is severely wounded.
The kobold brigand hits you with a +2 dagger of speed.
* * * LOW HITPOINT WARNING * * *
The kobold hits you with a +0 club.
* * * LOW HITPOINT WARNING * * *
The hobgoblin hits you with a +0 club.
* * * LOW HITPOINT WARNING * * *
The kobold brigand misses you.
You closely miss the kobold brigand.
The kobold brigand is heavily wounded.
The kobold hits you with a +0 club.
* * * LOW HITPOINT WARNING * * *
The hobgoblin closely misses you. The kobold brigand barely misses you.
The kobold hits you with a +0 club.
* * * LOW HITPOINT WARNING * * *
The hobgoblin hits you with a +0 club.
* * * LOW HITPOINT WARNING * * *
The kobold brigand hits you with a +2 dagger of speed.
You die...

....##...### #..#~~......#..##
###........###..#~.......#...####
....##...#..##..#~..#...##...[...
..#...#####.~#..#######...)....†.
#..<..### ##)##..# ##.........
####.)..####~~#..#######.........
###......~~##..#...##.).......
##.###~)~≈#gK##..##.........
#.###~~≈≈#@K#..###.........
#....~~≈≈#..#.## #..<......
####..~~##..#..###.#.......
#..~~#..###.##..########
#..#~#..# #....##
##.###..######## #.........#
####.####.# #......#


You could see a kobold brigand, a hobgoblin and a kobold.

Vanquished Creatures
  A bombardier beetle (D:3)
  A gnoll (D:1)
  3 adders
  3 dart slugs
  3 orcs (D:3)
  4 ball pythons
  4 endoplasms
  2 giant cockroaches
  5 goblins
  3 hobgoblins
  5 quokkas
  6 bats
  4 frilled lizards
  8 kobolds
  2 rats
54 creatures vanquished.

Notes
Turn   | Place    | Note
-------+----------+-------------------------------------------
     0 | D:1      | KKCryptic the Oni Gladiator began the quest for the Orb.
     0 | D:1      | Reached XP level 1. HP: 22/22 MP: 1/1
   166 | D:1      | Reached XP level 2. HP: 9/31 MP: 1/3
   541 | D:1      | Reached skill level 1 in Spellcasting
   594 | D:1      | Found Egoader's Antique Armour Shoppe.
   604 | D:1      | Reached XP level 3. HP: 37/37 MP: 4/4
  1437 | D:2      | Reached XP level 4. HP: 45/45 MP: 6/6
  1982 | D:3      | Reached XP level 5. HP: 41/54 MP: 8/8
  2335 | D:3      | Noticed a kobold brigand
  2356 | D:3      | HP: 1/54 [hobgoblin/+0 club (2)]
  2356 | D:3      | Slain by a kobold brigand

Illustrated notes

Levels and vault maps discovered:
D:1:      minmay_arrival_solitary_statue, layout_basic, serial_shops, shop,
          supply_closet_lemuel, dreamdust_princess_bridge
D:2:      layout_basic
D:3:      cheibrodos_thug_alley, layout_rooms

Skill      XL: |  1  2  3  4 |
---------------+-------------+-----
Fighting       | 3 |  3.8
Spellcasting   | 1 2 |  2.1
Dodging        | 3 |  3.0
Maces & Flails | |  3.6
Throwing       | |  2.9
Translocations | |  0.6

Action                     |  1- 3 |  4- 6 || total
---------------------------+-------+-------++-------
  Melee: Flail             |    75 |    68 ||   143
         Headbutt          |     8 |     5 ||    13
         Punch             |     1 |     1 ||     2
  Throw: Large rock        |     5 |     2 ||     7
         Boomerang         |     1 |    14 ||    15
    Use: Scroll            |     4 |     2 ||     6
         Potion            |       |     1 ||     1
 Armour: Robe              |    44 |    58 ||   102
         Skin              |       |     5 ||     5
  Dodge: Dodged            |    41 |    39 ||    80
